 Dungeon Crawl Stone Soup version 0.19-a0-1008-g4c63d25 (webtiles) character file.

68 epen the Changer (level 4, 0/32 HPs)
             Began as a Merfolk Transmuter on July 23, 2016.
             Killed by nerve-wracking pain
             ... invoked by Grinder
              (12 damage)
             ... while paralysed by Grinder
             ... on level 3 of the Dungeon.
             The game lasted 00:03:13 (2443 turns).

epen the Changer (Merfolk Transmuter)               Turns: 2443, Time: 00:03:14

Health: 0/32       AC:  2    Str: 10    XL:     4   Next: 19%
Magic:  2/8        EV:  5    Int: 13    God:
Gold:   67         SH:  0    Dex: 19    Spells: 3 memorised, 2 levels left

rFire  . . .     SeeInvis .       - Unarmed
rCold  . . .     Gourm    .     (armour currently unavailable)
rNeg   . . .     Faith    .     (shield currently unavailable)
rPois  x         Spirit   .     (helmet currently unavailable)
rElec  .         Dismiss  .     (cloak currently unavailable)
rCorr  .         Reflect  .     (gloves currently unavailable)
SustAt .         Harm     .     (boots currently unavailable)
MR     .....                    (no amulet)
Stlth  ++........               (no ring)
                                (no ring)

@: paralysed, spider-form (expiring), not resistant to hostile enchantments,
unstealthy
A: (change form in water), (swift swim)
a: End Transformation


You were on level 3 of the Dungeon.
You were very hungry.
You were a venomous arachnid creature.
You visited 1 branch of the dungeon, and saw 3 of its levels.

You collected 67 gold pieces.

Inventory:

Missiles
 a - 49 arrows
 e - 2 throwing nets (quivered)
Armour
 b - a +0 robe (melded)
 o - a +0 cloak (melded)
Jewellery
 m - an uncursed ring of fire
Scrolls
 g - 2 scrolls of identify {unknown}
 l - a scroll of fear {unknown}
 p - a scroll of enchant weapon {unknown}
Potions
 h - a potion of flight {unknown}
 j - a potion of haste {unknown}
 k - a potion of agility {unknown}
Books
 c - a book of Changes

   Spells                             Type                      Level
   a - Beastly Appendage              Transmutation                1
   b - Sticks to Snakes               Transmutation                2
   c - Spider Form                    Transmutation/Poison         3
   d - Ice Form                       Ice/Transmutation            4
   e - Blade Hands                    Transmutation                5
Comestibles
 d - 3 bread rations
 f - 2 beef jerkies
 n - a slice of pizza


   Skills:
 + Level 1.5 Fighting
 + Level 3.1 Dodging
 + Level 3.5 Unarmed Combat
 * Level 2.8 Spellcasting
 * Level 3.9 Transmutations


You had 2 spell levels left.
You knew the following spells:

 Your Spells              Type           Power        Failure   Level  Hunger
a - Beastly Appendage     Tmut           ##....       17%         1    #......
b - Sticks to Snakes      Tmut           ##......     24%         2    ###....
c - Spider Form           Tmut/Pois      #.........   56%         3    ###....


Dungeon Overview and Level Annotations

Branches:
Dungeon (3/15)

Altars:
Pakellas

Annotations:
D:3 Grinder, Sigmund


Message History

You hit Grinder.
Grinder is severely wounded.
Grinder barely misses you.
You barely miss Grinder.
Grinder is severely wounded.
Grinder says, "My boss said I was rubbish.
His entrails said otherwise."
Grinder completely misses you.
You hit Grinder.
Grinder is severely wounded.
Your transformation is almost over.
Grinder blinks!
You barely miss Grinder.
Grinder is severely wounded.
You hit Grinder.
Grinder is poisoned.
Grinder is severely wounded.
Grinder gestures at you.
You suddenly lose the ability to move!
Grinder gestures at you. Pain shoots through your body!
You die...

.....# #....# .. #....#
... #.?..# ....
#....#######....
#....#).......# .# .
#....#........# #.####
#....s5.......# #.##..
#.............# #.##.#
#.....##'###.## #.##.#
#.......##.....####.##.#
#.......##..........##.#
#..!.!..###....###..##.#
#######.# ####.#<..<....
#.# #.####..... #..
............


You could see Grinder.

Vanquished Creatures
  An adder (D:2)
  An ooze (D:1)
  A worm (D:2)
  5 giant geckos
  3 giant cockroaches
  5 goblins (D:1)
  6 hobgoblins (D:1)
  3 jackals (D:1)
  2 quokkas
  5 bats
  A giant newt (D:2)
  6 kobolds
  10 rats
49 creatures vanquished.

Notes
Turn   | Place    | Note
-------+----------+-------------------------------------------
     0 | D:1      | epen the Merfolk Transmuter began the quest for the Orb.
     0 | D:1      | Reached XP level 1. HP: 15/15 MP: 3/3
   319 | D:1      | Reached XP level 2. HP: 5/21 MP: 3/5
   696 | D:1      | Learned a level 2 spell: Sticks to Snakes
  1012 | D:1      | Reached XP level 3. HP: 16/26 MP: 3/6
  1144 | D:1      | Learned a level 3 spell: Spider Form
  1842 | D:2      | Found an oddly glowing altar of Pakellas.
  1863 | D:2      | Reached XP level 4. HP: 26/32 MP: 3/8
  1966 | D:2      | Found a faded altar of an unknown god.
  2388 | D:3      | Noticed Sigmund
  2404 | D:3      | Noticed Grinder
  2408 | D:3      | Paralysed by Grinder for 2 turns
  2442 | D:3      | Paralysed by Grinder for 2 turns
  2443 | D:3      | Killed from afar by Grinder

Vault maps used:
D:1:      minmay_arrival_up_and_down
D:2:      grunt_pakellas_salt, first_bread, ecumenical_altar_1
D:3:      portal_sewer_entry_e, minmay_cut_off, uniq_sigmund, uniq_grinder

Skill      XL: |  1  2  3 |
---------------+----------+-----
Transmutations | 3 |  3.9
Dodging        | 3 |  3.1
Fighting       | |  1.5
Unarmed Combat | |  3.5
Spellcasting   | |  2.8

Action                   |  1- 3 |  4- 6 || total
-------------------------+-------+-------++-------
Melee: Unarmed           |   150 |    53 ||   203
       Headbutt          |     3 |       ||     3
       Punch             |     4 |       ||     4
 Cast: Beastly Appendage |     5 |       ||     5
       Sticks to Snakes  |     2 |       ||     2
       Spider Form       |     3 |     3 ||     6
  Use: Potion            |       |     2 ||     2
 Stab: Sleeping          |     1 |       ||     1
  Eat: Chunk             |     4 |     1 ||     5
Armor: Robe              |    26 |     7 ||    33
Dodge: Dodged            |   113 |    38 ||   151
